 Dungeon Crawl Stone Soup version 0.31-a0-89-g637a80eef8 (webtiles) character file.

Game seed: 1380998230412096004

103 Colgate the Magician (level 5, 0/39 HPs)
             Began as a Meteoran Necromancer on May 25, 2023.
             Was an Initiate of Vehumet.
             Slain by a black bear (1 damage)
             ... on level 5 of the Dungeon.
             The game lasted 00:09:11 (494 turns).

Colgate the Magician (Meteoran Necromancer)          Turns: 494, Time: 00:09:11

Health: 0/39       AC:  2    Str:  9    XL:     5   Next: 29%
Magic:  8/13       EV: 12    Int: 18    God:    Vehumet [......]
Gold:   75         SH:  0    Dex: 15    Spells: 6/14 levels left

rFire   . . .        a - +0 morningstar
rCold   . . .        (no shield)
rNeg    . . .        d - +0 robe
rPois   .            (no helmet)
rElec   .            (no cloak)
rCorr   .            (no gloves)
SInv    .            (no boots)
Will    .....        (no amulet)
Stlth   +            (no ring)
HPRegen 0.26/turn    (no ring)
MPRegen 0.13/turn

%: no passive effects
@: very slightly contaminated, glowing
A: sense surroundings 1, otherworldly, glowing, explore regen
a: Renounce Religion


You were on level 5 of the Dungeon.
You worshipped Vehumet.
Vehumet was noncommittal.
You visited 1 branch of the dungeon, and saw 5 of its levels.

You collected 75 gold pieces.

Inventory:

Hand Weapons
 a - a +0 morningstar (weapon)
 b - a +0 spear
 f - a +0 whip of venom
Armour
 d - a +0 robe (worn)
Scrolls
 c - a scroll of magic mapping {unknown}
 e - a scroll of identify {unknown}
Potions
 g - a potion of curing {unknown}
 h - a potion of enlightenment {unknown}
 i - a potion of attraction {unknown}
 j - a potion of cancellation {unknown}


   Skills:
 + Level 0.7 Fighting
 - Level 2.4 Dodging
 - Level 1.4 Stealth
 - Level 5.1 Spellcasting
 - Level 5.0 Necromancy


You had 6 spell levels left.
You knew the following spells:

 Your Spells              Type           Power      Damage    Failure   Level
a - Necrotise             Necr           88%        1d8       1%          1
b - Vampiric Draining     Necr           22%        2d7       4%          3
c - Animate Dead          Necr           22%        N/A       16%         4

Your spell library contained the following spells:

 Spells                   Type           Power      Damage    Failure   Level
 Ozocubu's Armour         Ice            4%         N/A       36%         3
 Agony                    Necr           22%        N/A       41%         5
 Metabolic Englaciation   Hex/Ice        1%         N/A       99%         5
 Simulacrum               Ice/Necr       5%         N/A       100%        6


Dungeon Overview and Level Annotations

Branches:
Dungeon (5/15) Zot: 2499   Temple (0/1) D:5

Altars:
Ru
Vehumet


Innate Abilities, Weirdness & Mutations

You passively map a small area around you.
You are easily found by Zot.
You glow in the dark.
You regain HP and MP as you explore.


Message History

You are too injured to fight recklessly!
You are too injured to fight recklessly!
Casting: Vampiric Draining (dangerous; 4% risk of failure)
Aiming: Vampiric Draining (dangerous; 4% risk of failure)
Aim: an adder (almost dead)
You draw life force from the adder!
You kill the adder!
Vehumet accepts your kill.
You feel life coursing into your body.
There is a stone staircase leading up here.
Things that are here:
an adder corpse; a hound corpse
i - a sapphire potion A black bear comes into view.
j - a cyan potion
Found a staircase to the Ecumenical Temple.
There is a staircase to the Ecumenical Temple here.
The black bear writhes in agony.
You miscast Necrotise.
You are very lightly contaminated with residual magic.
Nothing appears to happen.
The black bear writhes in agony.
You puncture the black bear! The black bear bites you.
The black bear claws you. x2; The black bear bites you.
The black bear barely misses you. The black bear closely misses you.
You puncture the black bear!
The black bear goes berserk!
You hit the black bear but do no damage.
The black bear barely misses you. x2; The black bear claws you.
The black bear bites you! The black bear closely misses you.
The black bear claws you.
* * * LOW HITPOINT WARNING * * *
You are too injured to fight recklessly!
Casting: Necrotise (safe; 1% risk of failure)
Aiming: Vampiric Draining (dangerous; 4% risk of failure)
Aim: a black bear (almost dead, berserk)
You miscast Vampiric Draining.
Nothing appears to happen.
The black bear bites you!
* * * LOW HITPOINT WARNING * * *
The black bear barely misses you. The black bear claws you.
You die...

..#..........##...#,
....#....##.#......#
, #.#.#
#...........# *
....#*##.........##
,
#....##...#....#....
, ,
*,#.....###...#....
#..#..>.###...+.# ,
# ##....##...#.# * *
, #@..##....#.#### ,
, #h.##.....#....# *
, , , *
#.#....>..<###.#* *
, , *....##.....# *,
....###+##+# * * * *
+,.....# , , , *
,.....* *, ,, ⌠*
##..... , ,, , ,


You could see a black bear (berserk).

Vanquished Creatures
  A hound (D:5)
  4 gnolls (D:3)
  An adder (D:5)
  A worm (D:3)
  3 ball pythons
  An endoplasm (D:2)
  3 giant cockroaches
  2 hobgoblins
  3 jackals (D:3)
  A quokka (D:1)
  A bat (D:3)
  A frilled lizard (D:1)
  A kobold (D:3)
  4 rats
27 creatures vanquished.

Notes
Turn   | Place    | Note
-------+----------+-------------------------------------------
     0 | D:1      | Colgate the Meteoran Necromancer began the quest for the
                  | Orb.
     0 | D:1      | Reached XP level 1. HP: 14/14 MP: 5/5
     0 | D:1      | Noticed a draconian
     2 | D:1      | Noticed a naga
     2 | D:1      | Noticed a demonspawn
     4 | D:1      | Noticed an ogre
     5 | D:1      | Noticed an elf
     6 | D:1      | Noticed a formicid
     8 | D:1      | Noticed a troll
    10 | D:1      | Noticed an octopode
    10 | D:1      | Noticed a human
    12 | D:1      | Noticed a felid
    12 | D:1      | Noticed a felid
    14 | D:1      | Noticed a merfolk
    16 | D:1      | Noticed a vampire
    16 | D:1      | Noticed a formicid
    16 | D:1      | Noticed a barachi
    42 | D:1      | Reached XP level 2. HP: 18/20 MP: 0/7
   113 | D:3      | Found a radiant altar of Vehumet.
   123 | D:3      | Found a sacrificial altar of Ru.
   185 | D:3      | Became a worshipper of Vehumet
   186 | D:3      | HP: 1/20 [something (19)]
   222 | D:3      | Reached XP level 3. HP: 23/26 MP: 5/9
   233 | D:3      | Learned a level 3 spell: Vampiric Draining
   267 | D:3      | Reached XP level 4. HP: 9/33 MP: 1/11
   294 | D:3      | Reached skill level 5 in Spellcasting
   413 | D:3      | Learned a level 4 spell: Animate Dead
   453 | D:5      | Entered Level 5 of the Dungeon
   462 | D:5      | Reached skill level 5 in Necromancy
   462 | D:5      | Reached XP level 5. HP: 22/38 MP: 9/13
   474 | D:5      | Noticed a black bear
   480 | D:5      | Found a staircase to the Ecumenical Temple.
   494 | D:5      | HP: 1/39 [black bear (10)]
   494 | D:5      | Slain by a black bear

Illustrated notes

Levels and vault maps discovered:
D:1:      shiori_arrival_whats_in_store_for_you, layout_basic
D:2:      minmay_chambers_of_ones, layout_loops_cross, basic_altar,
          nicolae_concentric_dashed_squares_mild, serial_bayou_crossing
D:3:      minmay_general_purpose_star, layout_rooms,
          nicolae_dithmenos_shadow_blocks, fiery_altar_vehumet,
          mainiacjoe_overflow_brackets, mainiacjoe_overflow_24_doors,
          grunt_ministairs_2, st_stairs_2, minmay_misc_feat_nine_boxes,
          minmay_between
D:4:      layout_basic, lemuel_doored_altar, serial_forest,
          infiniplex_forest_clump_C, infiniplex_forest_pool,
          infiniplex_forest_end_double, infiniplex_forest_lined_3_way,
          infiniplex_forest_lined_ring, infiniplex_forest_straight_4,
          dreamdust_princess_corridor, st_stairs_3, minmay_misc_feat_enclosed
D:5:      layout_basic, mainiacjoe_overflow_six_doors_small, marbit_many_paths,
          cheibrodos_worm_habitat, trog_book, minmay_temple_entry_wispy

Skill      XL: |  1  2  3  4 |
---------------+-------------+-----
Spellcasting   | 3 4 5 |  5.1
Necromancy     | 5 |  5.0
Fighting       | |  0.7
Dodging        | |  2.4
Stealth        | |  1.4

Action                     |  1- 3 |  4- 6 || total
---------------------------+-------+-------++-------
  Melee: Whip              |     7 |    11 ||    18
         Morningstar       |       |    10 ||    10
         Punch             |       |     1 ||     1
   Cast: Necrotise         |    26 |    11 ||    37
         Vampiric Draining |     2 |     7 ||     9
    Use: Potion            |       |     1 ||     1
 Armour: Robe              |     1 |    11 ||    12
  Dodge: Dodged            |     8 |    21 ||    29

Table legend: (Time is in decaauts)
 A = Elapsed time spent in this place.
 B = Non-inter-level travel time spent in this place.
 C = Inter-level travel time spent in this place.
 D = Time resting spent in this place.
 E = Time spent auto-exploring this place.
 F = Levels seen in this place.
 G = Mean time per level.
                   A        B        C        D        E       F      G
               +--------+--------+--------+--------+--------+-----+--------+
         Total |    499 |    499 |      0 |      0 |      0 |   5 |   99.8 |
       Dungeon |    499 |    499 |      0 |      0 |      0 |   5 |   99.8 |
               +--------+--------+--------+--------+--------+-----+--------+

Top non-repeatable levels by time:
     D:3: 269 daAuts
     D:1: 84 daAuts
     D:2: 59 daAuts
     D:5: 45 daAuts
     D:4: 41 daAuts
